AoeStats
← Goku Feudal

Scandinavia

510294134Analyzed
1v1 RM · 15h ago on Sep 30, 2026· 52m 34s· 2 players
Game mode
Random Map
Map size
Tiny (2 player)
Population
200
Speed
Normal
Resources
Standard
Victory
Conquest
Starting age
Dark Age
Ending age
Imperial Age
RankedLock teamsTeams togetherTeam positionsShared explorationLock speedFull tech treeHidden civsTurbo modeCheats
Victory
Defeat
🇫🇷 Inca · France
1110
+16
🇦🇷 Varangians · Argentina
1104
-16
Goku Feudal
4:21 Loom
9:39 Feudal Age
10:06 Double-Bit Axe
19:11 Castle Age
18:40 Wheelbarrow
24:29 Fletching
24:39 Padded Archer Armor
24:51 Forging
24:42 Scale Mail Armor
24:52 Forging
25:07 Fishing Lines
30:05 Imperial Age
29:33 Scale Barding Armor
30:10 Gold Mining
30:13 Gillnets
36:33 Hand Cart
36:28 Elite Jarl
37:49 Conscription
44:36 Town Watch
46:11 Bloodlines
46:02 Husbandry
45:30 Light Cavalry
46:12 Hussar
47:50 Elite Skirmisher
49:10 Bow Saw
contact
11:16 Feudal Age
11:30 Loom
16:18 Castle Age
14:28 Double-Bit Axe
18:01 Bow Saw
18:48 Stone Mining
19:59 Wheelbarrow
22:57 Gold Mining
22:50 Horse Collar
26:04 Fletching
31:20 Imperial Age
29:43 Bodkin Arrow
30:24 Redemption
34:00 Hand Cart
34:50 Bracer
35:04 Padded Archer Armor
34:41 Elite Skirmisher
35:29 Heavy Plow
36:10 Conscription
36:59 Leather Archer Armor
38:31 Chemistry
39:03 Conscription
39:49 Ballistics
40:12 Andean Sling
45:00 Ring Archer Armor
44:31 Scale Mail Armor
44:41 Forging
45:06 Thumb Ring
44:38 Pikeman
46:34 Chain Mail Armor
46:54 Iron Casting
47:36 Squires
46:57 Halberdier
48:25 Gold Shaft Mining
51:43 Plate Mail Armor
52:16 Blast Furnace
Connection lost

Rejoining the realm…

Still unreachable

The connection could not be restored.

Session expired

The server has moved on; the page needs a fresh start.